 Dungeon Crawl Stone Soup version 0.27-a0-1308-gc08437e49b (webtiles) character file.

Game seed: 12946218781139971243

58 Wyvernaa the Shield-Bearer (level 4, -2/28 HPs)
             Began as a Gargoyle Fighter on June 18, 2021.
             Slain by Natasha (4 damage)
             ... on level 2 of the Dungeon.
             The game lasted 00:01:59 (1868 turns).

Wyvernaa the Shield-Bearer (Gargoyle Fighter)       Turns: 1868, Time: 00:02:00

Health: -2/28      AC: 10    Str: 19    XL:     4   Next: 1%
Magic:  4/4        EV:  7    Int:  9    God:
Gold:   96         SH:  9    Dex: 10    Spells: 3/3 levels left

rFire    . . .     SeeInvis .   a - +0 flail
rCold    . . .     Faith    .   c - +0 kite shield
rNeg     + . .     Spirit   .   b - +0 scale mail
rPois    ∞         Reflect  .   (no helmet)
rElec    +         Harm     .   (no cloak)
rCorr    .         Rampage  .   (no gloves)
Will     .....                  (no boots)
Stlth    ..........             (no amulet)
HPRegen  0.09/turn              (no ring)
MPRegen  0.09/turn              (no ring)

@: slowed, very slow
A: sickness immunity, AC +3, negative energy resistance 1, electricity
resistance, torment resistance 1, petrification resistance
a: no special abilities


You were on level 2 of the Dungeon.
You visited 1 branch of the dungeon, and saw 2 of its levels.

You collected 96 gold pieces.

Inventory:

Hand Weapons
 a - a +0 flail (weapon)
Armour
 b - a +0 scale mail (worn)
 c - a +0 kite shield (worn)
Scrolls
 e - a scroll of acquirement {unknown}
 f - 2 scrolls of magic mapping {unknown}
 h - a scroll of holy word {unknown}
 i - a scroll of fear {unknown}
Potions
 d - a potion of might
 g - a potion of curing {unknown}


   Skills:
 + Level 3.4 Fighting
 * Level 2.8 Maces & Flails
 + Level 3.8 Armour
 + Level 0.2 Dodging
 * Level 3.9 Shields


You had 3 spell levels left.
You didn't know any spells.
Your spell library contained the following spells:

 Spells                   Type           Power      Damage    Failure   Level
 Beastly Appendage        Tmut           0%         N/A       99%         1
 Wereblood                Tmut           0%         N/A       100%        2
 Spider Form              Tmut/Pois      0%         N/A       100%        3
 Ice Form                 Ice/Tmut       0%         N/A       100%        4


Dungeon Overview and Level Annotations

Branches:
Dungeon (2/15)

Altars:

Shops:
D:1 ?

Annotations:
D:2 Natasha


Innate Abilities, Weirdness & Mutations

You are immune to sickness and miasma.
Your stone body is resilient. (AC +3)
You are immune to poison.
You resist negative energy. (rN+)
You are resistant to electric shocks. (rElec)
You are resistant to unholy torment.
You are immune to petrification.


Message History

You hit the hobgoblin.
The hobgoblin is almost dead.
The jackal bites you but does no damage.
The hobgoblin closely misses you. You block Natasha's attack.
You thump the hobgoblin!
You kill the hobgoblin!
You block the jackal's attack. Natasha closely misses you.
The jackal barely misses you.
You have reached level 4!
You feel clever. Natasha claws you. Natasha claws you.
You closely miss Natasha. Natasha barely misses you.
Natasha casts a spell at you.
You feel yourself slow down.
You sock Natasha!
Natasha is severely wounded.
Natasha claws you. x2
You closely miss Natasha.
Natasha is heavily wounded.
Natasha claws you but does no damage. x2
Unknown command.
You barely miss Natasha.
Natasha is heavily wounded.
Natasha claws you but does no damage. Natasha claws you.
Natasha stares at you and mumbles some strange words.
The magic dart hits you!
You closely miss Natasha.
Natasha is heavily wounded.
Natasha claws you.
* * * LOW HITPOINT WARNING * * *
Natasha claws you.
* * * LOW HITPOINT WARNING * * *
You closely miss Natasha.
Natasha is heavily wounded.
You block Natasha's attack. Natasha barely misses you.
You hit Natasha.
Natasha is severely wounded.
Natasha claws you.
You die...

.#.## ...
.............#.#
...# ..
...............#
.#####.^.........#
###...<#.#.######
#............ #
#.#.####.#.### #.
#.#.# #.#.# #.
#.#.# #.#.#
#..#@#.# ##
##.#..#h#.######
.......h........
##.#..#.########
......†........
...#..#.#.##### ##
##....... . ###
### ..


You could see Natasha and a jackal.

Vanquished Creatures
  2 adders (D:2)
  9 ball pythons
  2 bats (D:2)
  5 endoplasms
  3 goblins
  5 hobgoblins
  5 jackals (D:1)
  A quokka (D:1)
  3 kobolds
  A rat (D:2)
36 creatures vanquished.

Notes
Turn   | Place    | Note
-------+----------+-------------------------------------------
     0 | D:1      | Wyvernaa the Gargoyle Fighter began the quest for the Orb.
     0 | D:1      | Reached XP level 1. HP: 14/14 MP: 1/1
   175 | D:1      | Found a faded altar of an unknown god.
   262 | D:1      | Reached XP level 2. HP: 14/19 MP: 2/2
   804 | D:1      | Found Jagoylas's Magic Scroll Boutique.
  1324 | D:2      | Reached XP level 3. HP: 23/23 MP: 3/3
  1853 | D:2      | Noticed Natasha
  1859 | D:2      | Reached XP level 4. HP: 28/28 MP: 4/4
  1866 | D:2      | HP: 1/28 [Natasha (5)]
  1868 | D:2      | Slain by Natasha

Illustrated notes

Levels and vault maps discovered:
D:1:      minmay_arrival_up_and_down, layout_loops_ring,
          hellmonk_ecumenical_altar_blasted, serial_shops, shop,
          minmay_crystal_water, chequers_serial_rivers_micro_a,
          dk_noncrumbling_2
D:2:      layout_basic, serial_glass, glass_columns_a, glass_columns_a,
          item_on_display_a, feat_on_display, due_unseen_surprise,
          item_on_display_a, minmay_cut_off, uniq_natasha

Action                   |  1- 3 |  4- 6 || total
-------------------------+-------+-------++-------
Melee: Flail             |   122 |     7 ||   129
Armor: Scale mail        |    64 |     3 ||    67
Dodge: Dodged            |    37 |     2 ||    39
Block: Kite shield       |    66 |     1 ||    67

Table legend: (Time is in decaauts)
 A = Elapsed time spent in this place.
 B = Non-inter-level travel time spent in this place.
 C = Inter-level travel time spent in this place.
 D = Time resting spent in this place.
 E = Time spent auto-exploring this place.
 F = Levels seen in this place.
 G = Mean time per level.
                   A        B        C        D        E       F      G
               +--------+--------+--------+--------+--------+-----+--------+
         Total |   1936 |   1873 |     63 |    120 |   1434 |   2 |  968.0 |
       Dungeon |   1936 |   1873 |     63 |    120 |   1434 |   2 |  968.0 |
               +--------+--------+--------+--------+--------+-----+--------+

Top non-repeatable levels by time:
     D:1: 1354 daAuts
     D:2: 582 daAuts
